 Dungeon Crawl Stone Soup version 0.17-a0-1393-gcb420ff (webtiles) character file.

87 nubinia the Caller (level 4, -3/24 HPs)
             Began as a Tengu Summoner on June 16, 2015.
             Slain by Pikel
             ... wielding a +0 whip of flaming
              (9 damage)
             ... on level 4 of the Dungeon.
             The game lasted 00:15:01 (3465 turns).

nubinia the Caller (Tengu Summoner)                 Turns: 3465, Time: 00:15:01

Health: -3/24      AC:  3    Str:  9    XL:     4   Next: 51%
Magic:  0/9        EV: 12    Int: 16    God:
Gold:   104        SH:  3    Dex: 14    Spells: 3 memorised, 2 levels left

rFire  . . .     SeeInvis +     t - +1 war axe (venom)
rCold  . . .     Clarity  .     a - +0 robe
rNeg   . . .     SustAt   .     u - +0 buckler (curse)
rPois  .         Gourm    .     (helmet restricted)
rElec  .         Spirit   +     i - +0 cloak
rCorr  .         Warding  .     (no gloves)
rMut   .         Stasis   .     (boots unavailable)
MR     .....                    s - amulet of guardian spirit
Stlth  ++........               (no ring)
                                d - ring of see invisible

@: not resistant to hostile enchantments, unstealthy
A: beak, talons 3
a: no special abilities


You were on level 4 of the Dungeon.
You were hungry.

You visited 1 branch of the dungeon, and saw 4 of its levels.

You collected 104 gold pieces.

Inventory:

Hand weapons
 g - a +0 whip
 t - a +1 war axe of venom (weapon)
Missiles
 p - 11 poisoned needles
Armour
 a - a +0 robe (worn)
 i - a +0 cloak (worn)
 u - a cursed +0 buckler (worn)
Jewellery
 d - a ring of see invisible (left hand)
 s - an amulet of guardian spirit (around neck)
Scrolls
 e - 6 scrolls of remove curse
 h - a scroll of immolation {unknown}
 k - 3 scrolls of amnesia
 n - a scroll of recharging {unknown}
 r - a scroll of enchant weapon
 v - a scroll of teleportation {unknown}
Potions
 f - a potion of brilliance
 j - a potion of agility
 l - a potion of curing
Books
 b - a book of Callings

   Spells                             Type                      Level
   a - Summon Small Mammal            Summoning                    1
   b - Call Imp                       Summoning                    2
   c - Call Canine Familiar           Summoning                    3
   d - Summon Guardian Golem          Hexes/Summoning              3
   e - Summon Lightning Spire         Summoning/Air                4
   f - Summon Ice Beast               Ice/Summoning                4
 x - a book of the Tempests

   Spells                             Type                      Level
   a - Static Discharge               Conjuration/Air              3
   b - Lightning Bolt                 Conjuration/Air              5
   c - Fireball                       Conjuration/Fire             5
   d - Tornado                        Air                          9
   e - Shatter                        Earth                        9
Comestibles
 c - 2 bread rations
 m - 3 meat rations
 q - a slice of pizza
 w - 2 fruits


   Skills:
 + Level 0.9 Maces & Flails
 + Level 2.9 Dodging
 + Level 2.3 Stealth
 + Level 2.7 Spellcasting
 + Level 5.8 Summonings


You had 2 spell levels left.
You knew the following spells:

 Your Spells              Type           Power        Failure   Level  Hunger
a - Summon Small Mammal   Summ           ###.         3%          1    #......
b - Call Canine Familiar  Summ           ###.....     12%         3    ###....
c - Call Imp              Summ           ###.....     6%          2    ##.....


Dungeon Overview and Level Annotations

Branches:
Dungeon (4/15)
 Temple: D:4-7

Altars:
The Shining One

Annotations:
D:4 Pikel


Innate Abilities, Weirdness & Mutations

You have a beak for a mouth.
You have claws for feet.


Message History

You closely miss Pikel.
Pikel is heavily wounded.
Your hound bites the slave but does no damage.
Pikel hits you with a whip of flaming! Pikel burns you.
You closely miss Pikel. You claw Pikel, but do no damage.
Your peck misses Pikel.
Pikel is heavily wounded.
Your hound closely misses the slave.
Your hound barely misses the slave.
Pikel hits you with a whip of flaming. Pikel burns you.
* * * LOW HITPOINT WARNING * * *
The slave hits your hound but does no damage.
Your hound misses the slave.
Your hound bites the slave but does no damage.
The slave misses your hound.
Your hound bites the slave.
Pikel looks more healthy.
Your hound bites the slave but does no damage.
The slave barely misses your hound.
Pikel says, "You'll fetch a fair price!"
You open the door. Pikel hits you with a whip of flaming!
You die...

..#.##r#####..
.<#.##.# ...
.##.##.# ...
.'..##.# ..#
.#####.# ..#
.# #h# ..## ##
#.# ... #p#
####'# #p#
#.K@.# #.#
#p####
#.#######.#
#.php.p.p.#
###########


You could see Pikel and a slave.

Vanquished Creatures
  2 oozes (D:2)
  3 giant geckos
  4 orcs (D:3)
  3 bats
  7 giant cockroaches
  8 hobgoblins
  3 jackals (D:2)
  A quokka (D:3)
  A ball python (D:1)
  2 giant newts
  3 goblins
  2 kobolds
  4 rats
43 creatures vanquished.

Vanquished Creatures (collateral kills)
  A slave (D:4)
  An adder (D:3)
  An ooze (D:1)
  An orc (D:3)
  2 goblins
  5 hobgoblins
  A bat (D:1)
  A giant gecko (D:3)
  6 kobolds (D:1)
  5 rats (D:1)
24 creatures vanquished.

Vanquished Creatures (others)
  2 plants (D:1)
  4 toadstools (D:1)
6 creatures vanquished.

Grand Total: 73 creatures vanquished

Notes
Turn   | Place    | Note
--------------------------------------------------------------
     0 | D:1      | nubinia the Tengu Summoner began the quest for the Orb.
     0 | D:1      | Reached XP level 1. HP: 10/10 MP: 4/4
    39 | D:1      | Reached skill level 5 in Summonings
   552 | D:1      | Reached XP level 2. HP: 15/15 MP: 6/6
  1269 | D:1      | Reached XP level 3. HP: 16/19 MP: 7/7
  1371 | D:1      | Learned a level 3 spell: Call Canine Familiar
  1374 | D:1      | Learned a level 2 spell: Call Imp
  1721 | D:2      | Found a glowing golden altar of the Shining One.
  2251 | D:2      | Reached XP level 4. HP: 10/24 MP: 8/8
  2925 | D:3      | You fall through a shaft!
  3431 | D:4      | Noticed a slave
  3432 | D:4      | Noticed a slave
  3434 | D:4      | Noticed Pikel
  3435 | D:4      | Noticed a slave
  3439 | D:4      | Noticed a slave
  3443 | D:4      | Killed a slave
  3465 | D:4      | Slain by Pikel

Vault maps used:
D:1:      ldierk_walled_garden_2, lexackson_kobold_supper
D:2:      nicolae_overflow_crystal_walls
D:4:      lemuel_doored_altar, first_bread, uniq_pikel

Action                   |  1- 3 |  4- 6 || total
-------------------------+-------+-------++-------
Melee: Unarmed           |     7 |       ||     7
       Whip              |    96 |     6 ||   102
       War axe           |       |    28 ||    28
 Cast: Summon Small Mamm |    28 |     7 ||    35
       Call Canine Famil |     3 |     9 ||    12
  Use: Scroll            |     1 |     4 ||     5
       Potion            |       |     1 ||     1
 Stab: Sleeping          |     4 |     1 ||     5
  Eat: Chunk             |     5 |     4 ||     9
